 Dungeon Sprint DCSS version 0.26.0-16-gc1dbca0489 (webtiles) character file.

Game seed: 7425012393643903261

10045 Groucho the Naga Aeon (level 11, -8/116 HPs)
             Began as a Naga Fighter on Jan 18, 2021.
             Was the Champion of Cheibriados.
             Mangled by Arachne
             ... wielding an uncursed staff of poison
              (9 damage)
             ... in the Dungeon (Sprint VII: "The Pits").
             The game lasted 00:07:57 (4770 turns).

Groucho the Naga Aeon (Naga Fighter)                Turns: 4770, Time: 00:07:58

Health: -8/116     AC: 15    Str: 34    XL:     11   Next: 56%
Magic:  21/21      EV:  8    Int: 26    God:    Cheibriados [******]
Gold:   18         SH: 16    Dex: 32    Spells: 10/10 levels left

rFire    . . .     SeeInvis +   w - +1 broad axe of Judgement {vorpal, rN++}
rCold    . . .     Faith    .   c - +0 kite shield
rNeg     + + .     Spirit   .   k - +4 chain mail
rPois    +         Reflect  .   (no helmet)
rElec    .         Harm     .   (no cloak)
rCorr    .         Rampage  .   (no gloves)
Will     +....     NoTele   +   (no barding)
Stlth    ..........             (no amulet)
HPRegen  0.29/turn              s - +3 ring of dexterity
MPRegen  0.17/turn              t - +3 ring of intelligence

@: lethally poisoned (-8 -> -9), very slow
A: large, see invisible, deformed body, poison resistance, slowness 2, spit
poison 1, AC +3
a: Spit Poison, Renounce Religion, Bend Time, Temporal Distortion, Slouch, Step
From Time


You were in the Dungeon.
You worshipped Cheibriados.
Cheibriados was exalted by your worship.
You visited 1 branch You collected 18 gold pieces.

Inventory:

Hand Weapons
 a - a +2 morningstar of protection
 w - the +1 broad axe of Judgement (weapon) {vorpal, rN++}
   (You found it in the Dungeon)

   It inflicts extra damage upon your enemies.
   It greatly protects you from negative energy.
Missiles
 p - 31 stones
 C - 15 silver javelins (quivered)
Armour
 c - a +0 kite shield (worn)
 k - a +4 chain mail (worn)
Jewellery
 s - a +3 ring of dexterity (left hand)
 t - a +3 ring of intelligence (right hand)
 y - an uncursed ring of fire
 A - an uncursed amulet of guardian spirit
Wands
 q - a wand of flame (20)
 r - a wand of digging (3)
 x - a wand of iceblast (7)
Scrolls
 j - 2 scrolls of blinking
 m - 4 scrolls of remove curse
 n - 5 scrolls of amnesia
 o - a scroll of summoning
 z - 3 scrolls of fear
 B - 4 scrolls of identify
Potions
 b - a potion of mutation {unknown}
 d - 2 potions of might
 e - 11 potions of curing
 f - 18 potions of heal wounds
 g - 2 potions of haste
 h - 5 potions of magic
 i - 4 potions of berserk rage
 l - 2 potions of invisibility
 u - a potion of resistance
 v - 2 potions of brilliance


   Skills:
 * Level 12.9 Fighting
 * Level 12.7 Axes
 * Level 11.1 Armour
 + Level 0.7 Dodging
 * Level 11.1 Shields
 + Level 13.3 Invocations


You had 10 spell levels left.
You didn't know any spells.
Your spell library contained the following spells:

 Spells                   Type           Power        Failure   Level
 Sublimation of Blood     Necr           0%           52%         2
 Ignite Poison            Fire/Tmut/Pois 0%           77%         3
 Petrify                  Tmut/Erth      0%           99%         4
 Alistair's Intoxication  Tmut/Pois      0%           100%        5
 Irradiate                Conj/Tmut      0%           100%        5
 Eringya's Noxious Bog    Tmut/Pois      0%           100%        6


Dungeon Overview and Level Annotations

Branches:
Dungeon (1/1)

Altars:
Ashenzari
Cheibriados
Dithmenos
Elyvilon
Fedhas
Gozag
Hepliaklqana
Kikubaaqudgha
Makhleb
Nemelex Xobeh
Okawaru
Qazlal
Ru
Sif Muna
Trog
Uskayaw
Vehumet
Wu Jian
Xom
Yredelemnul
Zin
The Shining One
Beogh
Jiyva
Lugonu

Annotations:
D Arachne


Innate Abilities, Weirdness & Mutations

You cannot wear boots.
Your serpentine skin is tough. (AC +3)
You have supernaturally acute eyesight. (SInv)
Armour fits poorly on your strangely shaped body.
Your system is resistant to poisons. (rPois)
You cover ground very slowly.
You can spit poison.


Message History

The web tears apart.
Arachne points her staff at you, shooting a stream of webbing.
You block the stream of webbing.
You barely miss Arachne.
Arachne is moderately wounded.
Arachne hits you but does no damage. Arachne envenoms you.
* * * LOW HITPOINT WARNING * * *
You chop Arachne into pieces!!!
Arachne is heavily wounded.
Arachne points her staff at you, shooting a stream of webbing.
The stream of webbing hits you but does no damage.
You are caught in a web!
Arachne points her staff at you, shooting a stream of webbing.
The stream of webbing hits you but does no damage.
You are even more entangled.
The web tears apart.
Arachne hits you with an uncursed staff of poison!!
* * * LOW HITPOINT WARNING * * *
Arachne envenoms you!
You die...

#++########
#...[......
#..@H.....(
#..######## #..#
#..# ##### #..#
##..# #..# ##..#
#..# ''..# #..#
''..##########.[#


You could see Arachne.

Vanquished Creatures
  A minotaur (D)
  A death yak (D)
  Sonja (D)
  A sun demon (D)
  An unseen horror (D)
  A deep troll (D)
  A deep elf mage (D)
  A manticore (D)
  A merfolk siren (D)
  A cyclops (D)
  A smoke demon (D)
  A cane toad (D)
  A gargoyle (D)
  A komodo dragon (D)
  A demonic crawler (D)
  2 ice devils (D)
  A wind drake (D)
  2 tyrant leeches (D)
  A snapping turtle (D)
  2 flying skulls (D)
  A wraith (D)
  Eustachio (D)
  A ynoxinul (D)
  A fire bat (D)
  An acid dragon (D)
  A soldier ant (D)
  Duvessa (D)
  A floating eye (D)
  A swamp drake (D)
  A sky beast (D)
  A necrophage (D)
  A centaur (D)
  3 small abominations (D)
  A big kobold (D)
  A gnoll sergeant (D)
  Dowan (D)
  A scorpion (D)
  4 killer bees (D)
  A hound (D)
  2 iguanas (D)
  A hell rat (D)
  A worker ant (D)
  A mummy (D)
  7 gnolls (D)
  An adder (D)
  2 white imps (D)
  An ufetubus (D)
  An adder skeleton (D)
  A leopard gecko (D)
  A giant cockroach (D)
  A quokka (D)
  4 ball pythons (D)
  2 frilled lizards (D)
  A rat (D)
74 creatures vanquished.

Notes
Turn   | Place    | Note
-------+----------+-------------------------------------------
     0 | D        | Groucho the Naga Fighter began the quest for the Orb.
     0 | D        | Reached XP level 1. HP: 21/21 MP: 1/1
    11 | D        | Reached XP level 2. HP: 26/28 MP: 2/2
    35 | D        | Found a bloodstained altar of Trog.
    35 | D        | Found a shimmering blue altar of Sif Muna.
    35 | D        | Found a viscous altar of Jiyva.
    35 | D        | Found a hazy altar of Hepliaklqana.
    35 | D        | Found an opulent altar of Gozag.
    36 | D        | Found a glowing golden altar of the Shining One.
    36 | D        | Found a glowing silver altar of Zin.
    36 | D        | Found a basalt altar of Yredelemnul.
    36 | D        | Found a shimmering altar of Xom.
    36 | D        | Found an ornate altar of the Wu Jian Council.
    36 | D        | Found a sacrificial altar of Ru.
    36 | D        | Found a stormy altar of Qazlal.
    36 | D        | Found an iron altar of Okawaru.
    36 | D        | Found a sparkling altar of Nemelex Xobeh.
    36 | D        | Found a burning altar of Makhleb.
    36 | D        | Found a blossoming altar of Fedhas.
    36 | D        | Found a white marble altar of Elyvilon.
    36 | D        | Found a shadowy altar of Dithmenos.
    36 | D        | Found a snail-covered altar of Cheibriados.
    38 | D        | Found a radiant altar of Vehumet.
    38 | D        | Found a corrupted altar of Lugonu.
    38 | D        | Found a roughly hewn altar of Beogh.
    39 | D        | Found a hide-covered altar of Uskayaw.
    39 | D        | Found an ancient bone altar of Kikubaaqudgha.
    39 | D        | Found a broken altar of Ashenzari.
    47 | D        | Became a worshipper of Cheibriados the Contemplative
    76 | D        | Reached * piety under Cheibriados
    87 | D        | Reached skill level 1 in Invocations
   382 | D        | Reached ** piety under Cheibriados
   383 | D        | Reached skill level 2 in Invocations
   383 | D        | Reached XP level 3. HP: 26/37 MP: 2/4
   635 | D        | Noticed a necrophage
   649 | D        | Reached *** piety under Cheibriados
   663 | D        | Killed a necrophage
   664 | D        | Reached skill level 5 in Fighting
   664 | D        | Reached skill level 4 in Invocations
   664 | D        | Reached XP level 4. HP: 29/46 MP: 4/7
   664 | D        | Reached XP level 5. HP: 33/52 MP: 4/8
   966 | D        | Noticed Duvessa
   966 | D        | Noticed Dowan
   975 | D        | Killed Duvessa
   976 | D        | Reached skill level 5 in Axes
   976 | D        | Reached skill level 5 in Armour
   976 | D        | Reached skill level 5 in Shields
   976 | D        | Reached skill level 5 in Invocations
   976 | D        | Reached XP level 6. HP: 61/62 MP: 9/9
   982 | D        | Reached **** piety under Cheibriados
   983 | D        | Reached ***** piety under Cheibriados
   983 | D        | Killed Dowan
   989 | D        | Reached skill level 6 in Invocations
   991 | D        | Reached XP level 7. HP: 54/72 MP: 0/12
  1273 | D        | Noticed an ice devil
  1280 | D        | Killed an ice devil
  1281 | D        | Reached skill level 7 in Invocations
  1283 | D        | Noticed a flying skull
  1284 | D        | Reached ****** piety under Cheibriados
  1284 | D        | Killed a flying skull
  1285 | D        | Reached skill level 8 in Invocations
  1285 | D        | Reached XP level 8. HP: 82/82 MP: 7/14
  1364 | D        | Got the +1 broad axe of Judgement {vorpal, rN++}
  1447 | D        | Noticed a wraith
  1453 | D        | Killed a wraith
  1461 | D        | Noticed a komodo dragon
  1461 | D        | Noticed Sonja
  1462 | D        | Killed Sonja
  1463 | D        | Reached skill level 9 in Invocations
  1463 | D        | Reached XP level 9. HP: 68/92 MP: 9/16
  1465 | D        | Killed a komodo dragon
  1760 | D        | Reached skill level 10 in Fighting
  1760 | D        | Reached skill level 10 in Invocations
  1764 | D        | Noticed an ice devil
  1768 | D        | Killed an ice devil
  1769 | D        | Reached skill level 10 in Axes
  2276 | D        | Noticed an unseen horror
  2276 | D        | Noticed a deep elf mage
  2280 | D        | Killed an unseen horror
  2282 | D        | Killed a deep elf mage
  2283 | D        | Reached skill level 11 in Invocations
  2283 | D        | Reached XP level 10. HP: 69/103 MP: 11/18
  2410 | D        | Noticed a gargoyle
  2411 | D        | Killed a gargoyle
  2420 | D        | Noticed a smoke demon
  2423 | D        | Killed a smoke demon
  2797 | D        | Noticed a merfolk siren
  2802 | D        | Killed a merfolk siren
  2977 | D        | Noticed a sun demon
  2977 | D        | Noticed a death yak
  2981 | D        | Killed a sun demon
  2982 | D        | Reached skill level 10 in Armour
  2982 | D        | Reached skill level 10 in Shields
  2992 | D        | Killed a death yak
  2993 | D        | Reached skill level 12 in Invocations
  3476 | D        | Noticed a cyclops
  3478 | D        | Reached XP level 11. HP: 114/114 MP: 14/20
  3488 | D        | Killed a cyclops
  3870 | D        | Noticed Eustachio
  3882 | D        | Killed Eustachio
  4308 | D        | Noticed a manticore
  4308 | D        | Noticed a minotaur
  4311 | D        | Killed a manticore
  4312 | D        | Reached skill level 13 in Invocations
  4315 | D        | Killed a minotaur
  4747 | D        | Noticed a deep troll
  4748 | D        | Noticed Arachne
  4760 | D        | Killed a deep troll
  4770 | D        | HP: 1/116 [Arachne/uncursed staff of poison (21)]
  4770 | D        | Mangled by Arachne

Illustrated notes

Levels and vault maps discovered:
D:        pitsprint [storerooms_1, entrance_room_1, metal_vault_5, armoury_3,
          mini_pit_1, grid_room_1, main_hall_1, silver_pit, the_coven_1,
          the_vestibule_1, steel_vault_3, golden_pit, hallway_of_sentries,
          crystal_vault_2, iron_vault_1, final_vault]

Skill      XL: |  1  2  3  4  5  6  7  8  9 10 11 |
---------------+----------------------------------+-----
Armour         | 3 4 5 6 8 9 10 11 | 11.1
Shields        | 3 4 5 6 8 9 10 11 | 11.1
Axes           | 3 4 5 6 8 9 10 11 12 | 12.7
Invocations    | 2 4 5 6 8 9 11 12 13 | 13.3
Fighting       | 4 5 6 7 8 9 10 12 | 12.9
Dodging        | |  0.7

Action                   |  1- 3 |  4- 6 |  7- 9 | 10-12 || total
-------------------------+-------+-------+-------+-------++-------
Melee: War axe           |    46 |    16 |    16 |       ||    78
       Broad axe         |       |       |    24 |    72 ||    96
Throw: Javelin           |       |       |       |     3 ||     3
Invok: Slouch            |       |     2 |     5 |    12 ||    19
 Abil: Spit Poison       |       |       |       |     2 ||     2
  Use: Potion            |       |       |       |     5 ||     5
Armor: Scale mail        |    16 |       |       |       ||    16
       Chain mail        |       |     6 |    13 |    49 ||    68
Dodge: Dodged            |    13 |     6 |    14 |    19 ||    52
Block: Kite shield       |    34 |    16 |    29 |    60 ||   139
